 Dungeon Crawl Stone Soup version 0.30-a0-782-ge64f9170bb (webtiles) character file.

Game seed: 16288168024825937167

85198 Zonian the Unseen (level 15, -22/95 HPs)
             Began as a Vine Stalker Brigand on Feb 18, 2023.
             Was an Elder of Ashenzari.
             Killed from afar by a deep elf pyromancer (29 damage)
             ... with a bolt of fire
             ... on level 15 of the Dungeon.
             The game lasted 01:17:58 (26170 turns).

Zonian the Unseen (Vine Stalker Brigand)           Turns: 26170, Time: 01:17:59

Health: -22/95     AC:  5    Str: 18    XL:     15   Next: 83%
Magic:  0/33       EV: 34    Int: 13    God:    Ashenzari [****..]
Gold:   1126       SH:  0    Dex: 29    Spells: 38/40 levels left

rFire   . . .      SeeInvis +    E - +3 short sword (elec)
rCold   + . .      Faith    .    (no shield)
rNeg    + . .      Spirit   +    A - +2 ring mail "Ruined With Me" {rC+ Str+4, Self, Cun} (curse)
rPois   +          Reflect  .    H - +2 hat of the Bear Spirit {Spirit, Bear, *Rage Will++, Fort, Range} (curse)
rElec   .          Harm     .    c - +1 cloak of Toth-Mos's Legacy {Self, Bglg} (curse)
rCorr   .          Rampage  .    z - +0 pair of gloves
Will    +++..      Clarity  +    X - +0 pair of boots "Suspicion of Ashenzari" {rPois rN+ Dex+2, Comp, Evo} (curse)
Stlth   ++++                     r - amulet of Curses and Power {Acrobat, Cun, Self} (curse)
HPRegen 1.15/turn                y - ring "Share My Unpleasantness" {Dex+6, Evo, Range} (curse)
MPRegen 0.23/turn                F - +4 ring of protection

@: mighty, on fire, corroded, acrobatic, glowing
A: fangs 3, regeneration 1, magic shield, antimagic bite, no potion heal 2
a: Renounce Religion, Shatter the Chains


You were on level 15 of the Dungeon.
You worshipped Ashenzari.
Ashenzari was greatly pleased with you.
You visited 3 branches of the dungeon, and saw 21 of its levels.

You collected 1254 gold pieces.
You spent 128 gold pieces at shops.

Inventory:

Hand Weapons
 a - a +5 dagger of protection
 f - a +0 sling
 s - the +8 trishula "Condemnation" {holy, anguish, *Noise Fly rN+}
   (You found it on level 14 of the Dungeon)

   rN:        It protects you from negative energy.
   Fly:       It grants you flight.
   *Noise:    It may make noises in combat.
 E - a +3 short sword of electrocution (weapon)
 G - a +5 scimitar of flaming
 Y - a +2 short sword of draining
Missiles
 d - 21 poisoned darts (quivered)
 e - 3 curare-tipped darts
 g - 9 boomerangs
 P - 6 javelins
Armour
 c - the cursed +1 cloak of Toth-Mos's Legacy (worn) {Self, Bglg}

   It has a curse which improves the following skills: Introspection: Fighting
   and Spellcasting.
   Beguiling: Conjurations, Hexes and Translocations.
 z - a +0 pair of gloves (worn)
 A - the cursed +2 ring mail "Ruined With Me" (worn) {rC+ Str+4, Self, Cun}
   (You found it on level 6 of the Dungeon)

   Str:       It affects your strength (+4).
   rC:        It protects you from cold.
   It has a curse which improves the following skills: Introspection: Fighting
   and Spellcasting.
   Cunning:   Dodging and Stealth.
 H - the cursed +2 hat of the Bear Spirit (worn) {Spirit, Bear, *Rage Will++, Fort, Range}
   (You found it on level 7 of the Dungeon)

   Bear:      Going berserk makes the wearer tougher, and they're slowed less
   afterward.
   *Rage:     It berserks you when you make melee attacks (+20% chance).
   Will:      It greatly increases your willpower.
   It has a curse which improves the following skills: Fortitude: Armour and
   Shields.
   Ranged Combat: Ranged Weapons and Throwing.
 Q - the +2 pair of boots of Kleptomania {Rampage Regen+ Str+4 Int-5}
   (You found it on level 13 of the Dungeon)

   Str:       It affects your strength (+4).
   Int:       It affects your intelligence (-5).
   Regen:     It increases your rate of health regeneration.
   Rampage:   It bestows one free step when moving towards enemies.
 X - the cursed +0 pair of boots "Suspicion of Ashenzari" (worn) {rPois rN+ Dex+2, Comp, Evo}
   (You acquired it on level 12 of the Dungeon)

   Dex:       It affects your dexterity (+2).
   rPois:     It protects you from poison.
   rN:        It protects you from negative energy.
   It has a curse which improves the following skills: Companions: Summonings
   and Necromancy.
   Evocations: Evocations.
Jewellery
 b - a +4 ring of protection
 n - a ring of protection from cold
 p - a ring of magical power
 r - the cursed amulet of Curses and Power (around neck) {Acrobat, Cun, Self}
   (You found it on level 5 of the Lair of Beasts)

   [amulet of the acrobat]

   It increases your evasion while moving and waiting.
   It has a curse which improves the following skills: Cunning: Dodging and
   Stealth.
   Introspection: Fighting and Spellcasting.
 y - the cursed ring "Share My Unpleasantness" (left hand) {Dex+6, Evo, Range}
   (You found it on level 3 of the Dungeon)

   [ring of dexterity]

   Dex:       It affects your dexterity (+6).
   It has a curse which improves the following skills: Evocations: Evocations.
   Ranged Combat: Ranged Weapons and Throwing.
 F - a +4 ring of protection (right hand)
Wands
 j - a wand of polymorph (9)
 t - a wand of light (11)
 B - a wand of charming (23)
 D - a wand of roots (12)
 M - a wand of mindburst (5)
 R - a wand of flame (8)
 W - a wand of digging (4)
Scrolls
 k - 4 scrolls of blinking
 q - 4 scrolls of teleportation
 v - 3 scrolls of fog
 J - 5 scrolls of magic mapping
 K - a scroll of acquirement
 L - 2 scrolls of butterflies
 S - a scroll of silence
 T - 2 scrolls of amnesia
 Z - a scroll of poison
Potions
 h - 8 potions of attraction
 i - 7 potions of brilliance
 l - 12 potions of curing
 m - 2 potions of magic
 o - 2 potions of might
 u - 2 potions of haste
 x - 4 potions of mutation
 C - 2 potions of flight
 I - a potion of cancellation
 N - 2 potions of ambrosia
Miscellaneous
 w - a condenser vane


   Skills:
 + Level 14.0(17.8) Fighting
 - Level 10.0 Short Blades
 - Level 2.0(4.2) Throwing
 - Level 5.5(8.4) Dodging
 - Level 20.2(22.9) Stealth
 - Level 9.3(13.2) Spellcasting
 - Level 7.7(9.7) Translocations
 - Level 3.9(6.6) Evocations


You had 38 spell levels left.
You knew the following spells:

 Your Spells              Type           Power      Damage    Failure   Level
a - Blink                 Tloc           66%        N/A       1%          2

Your spell library contained the following spells:

 Spells                   Type           Power      Damage    Failure   Level
 Lesser Beckoning         Tloc           66%        N/A       1%          2
 Momentum Strike          Conj/Tloc      42%        3d9       2%          2
 Portal Projectile        Hex/Tloc       42%        N/A       5%          3
 Vhi's Electric Charge    Tloc/Air       42%        N/A       6%          3
 Kindle Blastsparks       Fire/Tloc/Air  34%        2d12      12%         3
 Shock                    Conj/Air       32%        1d5       14%         1
 Ensorcelled Hibernation  Hex/Ice        16%        N/A       21%         2
 Tukima's Dance           Hex            9%         N/A       36%         3
 Inner Flame              Hex/Fire       8%         N/A       38%         3
 Ignite Poison            Fire/Tmut/Pois 8%         N/A       41%         3
 Ozocubu's Armour         Ice            8%         N/A       41%         3
 Spider Form              Tmut/Pois      8%         N/A       41%         3
 Swiftness                Air            8%         N/A       41%         3
 Anguish                  Hex/Necr       4%         N/A       78%         4
 Animate Dead             Necr           9%         N/A       78%         4
 Cause Fear               Hex            4%         N/A       78%         4
 Flame Wave               Conj/Fire      8%         2d5       80%         4
 Sticky Flame             Conj/Fire      8%         2d3       80%         4
 Airstrike                Air            4%         2d(1-17)  82%         4
 Arcjolt                  Conj/Air       4%         1d14      98%         5
 Freezing Cloud           Conj/Ice/Air   4%         6-21      98%         5
 Blade Hands              Tmut           4%         N/A       99%         5
 Simulacrum               Ice/Necr       4%         N/A       100%        6
 Haunt                    Necr/Summ      4%         N/A       100%        7
 Ozocubu's Refrigeration  Ice            4%         4d8       100%        7
 Discord                  Hex            4%         N/A       100%        8
 Infestation              Necr           4%         N/A       100%        8
 Maxwell's Capacitive Co  Air            4%         ∞         100%        8
 Polar Vortex             Ice            4%         N/A       100%        9


Dungeon Overview and Level Annotations

Branches:
Dungeon (15/15)            Temple (1/1) D:6            Lair (5/5) D:8
 Shoals (0/4) Lair:2       Spider (0/4) Lair:2        Slime (0/5) Lair:4
    Orc (0/2) D:11         Vaults (0/5) D:13         Depths (0/4) D:15

Altars:
Ashenzari
Cheibriados
Dithmenos
Elyvilon
Fedhas
Gozag
Hepliaklqana
Kikubaaqudgha
Makhleb
Nemelex Xobeh
Okawaru
Qazlal
Ru
Sif Muna
Trog
Uskayaw
Vehumet
Wu Jian
Xom
Yredelemnul
Zin
The Shining One

Shops:
D:4 (   D:5 [   D:8 *   D:9 *

Portals:
Abyss: D:5

Annotations:
D:3 2 transporters, Zvl3's ghost, weakling MiHu
D:4 Grinder
D:5 2 transporters, Darius099's ghost, novice MiFi
D:6 2 runed translucent doors
D:9 2 runed translucent doors, pigah's ghost, novice OpWn
Lair:2 2 transporters
Lair:5 1 runed translucent door, exclusion: ice statue, retardedninja's ghost, journeyman MiFi


Innate Abilities, Weirdness & Mutations

You have razor-sharp teeth.
Your natural rate of healing is unusually fast.
When hurt, damage is shared between your health and your magic reserves.
Your bite disrupts and absorbs the magic of your enemies.
Potions cannot restore your health.


Message History

The fire elemental is lightly damaged.
The fire elemental completely misses you.
You hit the fire elemental but do no damage.
The fire elemental is lightly damaged.
You hit the fire elemental but do no damage.
You bite the fire elemental. You drain its power.
The fire elemental is moderately damaged.
The fire elemental closely misses you.
You hit the fire elemental but do no damage.
The fire elemental is moderately damaged.
The deep elf pyromancer casts a spell.
You puncture the fire elemental! Your bite misses the fire elemental.
The fire elemental is heavily damaged.
The fire elemental hits you. The fire elemental burns you!
* * * LOW HITPOINT WARNING * * *
Okay, then.
Casting: Blink (safe; 1% risk of failure)
Confirm with . or Enter, or press ? or * to list all spells.
You blink.
Found 4 stones.
Found a stone staircase leading up.
The deep elf pyromancer casts a spell.
The cyclops throws a large rock.
The large rock hits you!
* * * LOW HITPOINT WARNING * * *
You closely miss the deep elf pyromancer.
You bite the deep elf pyromancer, but do no damage.
The deep elf pyromancer completely misses you.
You puncture the deep elf pyromancer!
Your bite misses the deep elf pyromancer.
The deep elf pyromancer is moderately wounded.
The fire elemental misses you.
The deep elf pyromancer gestures at you while chanting.
The sticky flame hits you!
You are covered in liquid flames!
* * * LOW HITPOINT WARNING * * *
You are covered in liquid flames!
* * * LOW HITPOINT WARNING * * *
You feel stable enough to blink again.
The deep elf pyromancer points at you and mumbles some strange words.
The bolt of fire hits the fire elemental.
The fire elemental completely resists.
The bolt of fire hits you!!
You die...

##...##.......#* , *
, #.....)....# , *
#....##)#..# * ,,
#.#.###§#..#*, * , *
, , #.#.* #○#..##*
,,,*, , #.#. #z○...,
**,,,, * #.* #E##.#
, # ,, * * *
#.###C##.###.(.#* ,
***,
#..○○e☼E@.......* *
* ,*
,,,#...°.E...###...#
*,, *,* ,######.####
* *# ** , , ,> #. ,
* * * ,,,, ,**#. ,,,
,* * , *, , ,<. * *
, ** ,** , ..,, *
*** ##. ,** ,, * * ,
*,


You could see a cyclops, a deep elf pyromancer and 2 fire elementals.

Vanquished Creatures
  Kirke (Lair:3)
  A stone giant (D:14)
  A bunyip (shapeshifter) (D:13)
  Josephine (Lair:3)
  6 centaur warriors
  5 hydras
  2 catoblepae (Lair:2)
  A two-headed ogre (D:11)
  6 boulder beetles
  A merfolk avatar (Lair:5)
  4 tengu warriors (D:14)
  Nergalle (Lair:2)
  A deep elf knight (D:13)
  9 skeletal warriors
  Amaemon (Lair:3)
  A sea snake (Lair:5)
  A skyshark (Lair:5)
  A necromancer (Lair:4)
  A harpy (Lair:5)
  3 deep elf pyromancers
  2 orc knights
  A deep elf zephyrmancer (D:13)
  An orc sorcerer (D:12)
  14 ugly things
  3 manticores
  7 elephants (Lair:5)
  17 cyclopes (D:14)
  5 black mambas
  3 centaur skeletons (D:13)
  2 gargoyles
  An orange demon (Lair:3)
  An unseen horror zombie (D:7)
  18 cane toads
  7 rime drakes
  An unseen horror (D:12)
  A kobold demonologist (D:10)
  7 komodo dragons
  A freezing wraith (Lair:5)
  2 ice devils (Lair:1)
  4 polar bears (Lair:5)
  4 trolls
  12 blink frogs
  3 hornets
  7 dream sheep (Lair:3)
  2 snapping turtles (Lair:5)
  Prince Ribbit (D:8)
  53 yaks
  8 wyverns
  5 hogs (Lair:3)
  3 steam dragons
  4 wraiths
  A fire elemental (Lair:4)
  4 basilisks
  4 redbacks (Lair:2)
  A vampire mosquito (D:14)
  9 wargs
  2 acid dragons
  12 water moccasins
  Duvessa (D:4)
  A hornet zombie (D:7)
  7 orc warriors
  A sky beast (D:7)
  3 ice beasts
  4 black bears
  10 wolves
  An ogre (D:5)
  12 centaurs
  A phantom (D:4)
  7 bullfrogs
  A necrophage (D:6)
  A water moccasin zombie (D:7)
  3 scorpions
  3 wights (D:9)
  Dowan (D:4)
  7 killer bees
  7 howler monkeys
  2 bullfrog zombies (D:7)
  6 electric eels
  2 centaur zombies (D:7)
  A quasit (D:4)
  2 hounds
  2 gnoll boudas
  6 jellies
  7 orc priests
  7 hell rats
  9 orc wizards
  4 iguanas
  4 polar bear simulacra (Lair:4)
  5 wolf simulacra (Lair:4)
  A yak simulacrum (Lair:4)
  A boggart skeleton (D:13)
  Robin (D:4)
  12 gnolls
  7 adders
  2 shadow imps
  8 white imps
  A worm (D:5)
  3 dart slugs
  50 orcs
  3 bats
  8 endoplasms
  2 giant cockroaches (D:2)
  23 goblins
  5 hobgoblins
  6 kobolds
  3 quokkas
  4 ball pythons
  2 frilled lizards
  4 rats
  A river rat simulacrum (Lair:4)
556 creatures vanquished.

Vanquished Creatures (others)
  A steam dragon (Lair:5)
  7 demonic plants (D:4)
  29 fungi
  45 plants
82 creatures vanquished.

Grand Total: 638 creatures vanquished

Notes
Turn   | Place    | Note
-------+----------+-------------------------------------------
     0 | D:1      | Zonian the Vine Stalker Brigand began the quest for the
                  | Orb.
     0 | D:1      | Reached XP level 1. HP: 11/11 MP: 2/2
   346 | D:1      | Reached skill level 1 in Dodging
   346 | D:1      | Reached skill level 5 in Stealth
   346 | D:1      | Reached XP level 2. HP: 15/15 MP: 3/3
  1026 | D:2      | Reached XP level 3. HP: 18/18 MP: 4/4
  1898 | D:3      | Gained mutation: Your natural rate of healing is unusually
                  | fast. [Vine Stalker growth]
  1898 | D:3      | Reached XP level 4. HP: 22/23 MP: 5/5
  2162 | D:3      | Found a transporter.
  2165 | D:3      | Noticed Zvl3's ghost (weakling MiHu)
  2167 | D:3      | Found a transporter.
  2167 | D:3      | Noticed an ogre
  2167 | D:3      | Noticed an ogre
  2168 | D:3      | Identified the +11 dire flail "Ufamucutsi" {speed, rElec}
  2168 | D:3      | Noticed an ogre
  2202 | D:3      | Identified the +1 mace of the Forest {heavy, SInv}
  2563 | D:3      | Found a burning altar of Makhleb.
  2595 | D:4      | Noticed a scorpion
  2595 | D:4      | Found Dibb's Weapon Emporium.
  2597 | D:4      | Reached XP level 5. HP: 28/28 MP: 6/6
  3253 | D:4      | Noticed a phantom
  3256 | D:4      | Killed a phantom
  3257 | D:4      | Reached skill level 6 in Stealth
  3293 | D:4      | Noticed Dowan
  3294 | D:4      | Noticed Duvessa
  3320 | D:4      | Killed Dowan
  3321 | D:4      | Reached XP level 6. HP: 31/32 MP: 7/7
  3401 | D:4      | Killed Duvessa
  3500 | D:4      | Noticed Grinder
  3646 | D:4      | Noticed Robin
  3665 | D:4      | Killed Robin
  3676 | D:4      | Paralysed by Grinder for 5 turns
  3907 | D:4      | Reached skill level 7 in Stealth
  3907 | D:4      | Reached XP level 7. HP: 27/37 MP: 8/8
  3989 | D:4      | Found an opulent altar of Gozag.
  4257 | D:4      | Found a glowing silver altar of Zin.
  4823 | D:5      | Entered Level 5 of the Dungeon
  4876 | D:5      | Found a transporter.
  4898 | D:5      | Found a transporter.
  4955 | D:5      | Found a one-way gate to the infinite horrors of the Abyss.
  5067 | D:5      | Noticed Darius099's ghost (novice MiFi)
  5163 | D:5      | Found a shadowy altar of Dithmenos.
  5575 | D:5      | Reached skill level 8 in Stealth
  5725 | D:5      | Found Hadad-Baal's Dragon-Slaying Spoils.
  5900 | D:6      | Gained mutation: You have razor-sharp teeth. [Vine Stalker
                  | growth]
  5900 | D:6      | Reached XP level 8. HP: 42/42 MP: 9/9
  5936 | D:6      | Identified the +2 ring mail of Zeigherr {rC+ Str+4}
  6025 | D:6      | Reached skill level 5 in Fighting
  6025 | D:6      | Reached skill level 5 in Short Blades
  6060 | D:6      | Found a staircase to the Ecumenical Temple.
  6105 | Temple   | Entered the Ecumenical Temple
  6567 | D:6      | Reached skill level 9 in Stealth
  6631 | D:6      | Found a runed translucent door.
  6650 | D:6      | Found a runed translucent door.
  7044 | D:7      | Reached XP level 9. HP: 32/47 MP: 10/10
  7050 | D:7      | Reached skill level 10 in Stealth
  7225 | D:7      | Found a basalt altar of Yredelemnul.
  7248 | D:7      | Reached skill level 11 in Stealth
  7282 | D:7      | Found the +2 hat of the Bear Spirit {Spirit, Bear, *Rage
                  | Will++}
  7789 | D:8      | Reached skill level 12 in Stealth
  7799 | D:8      | Reached XP level 10. HP: 51/51 MP: 11/11
  7835 | D:8      | Found a staircase to the Lair.
  8068 | D:8      | Noticed Prince Ribbit
  8072 | D:8      | Killed Prince Ribbit
  8073 | D:8      | Reached skill level 13 in Stealth
  8088 | D:8      | Found a broken altar of Ashenzari.
  8147 | D:8      | Became a worshipper of Ashenzari the Shackled
  8471 | D:8      | Found an ancient bone altar of Kikubaaqudgha.
  8527 | D:8      | Found a glowing golden altar of the Shining One.
  8660 | D:8      | Reached skill level 14 in Stealth
  8845 | D:8      | Found Naikiynt's Fire Supplies.
  9334 | Lair:1   | Entered Level 1 of the Lair of Beasts
  9364 | Lair:1   | Reached skill level 10 in Short Blades
  9369 | Lair:1   | Noticed a seven-headed hydra
  9405 | Lair:1   | Killed a seven-headed hydra
  9406 | Lair:1   | Reached skill level 15 in Stealth
  9406 | Lair:1   | Reached XP level 11. HP: 43/56 MP: 12/12
  9500 | Lair:1   | Reached skill level 16 in Stealth
 10340 | Lair:1   | Reached skill level 17 in Stealth
 10589 | Lair:2   | Noticed an eight-headed hydra
 10594 | Lair:2   | Killed an eight-headed hydra
 10625 | Lair:2   | Reached skill level 18 in Stealth
 10671 | Lair:2   | Noticed a catoblepas
 11101 | Lair:2   | Found a hole to the Spider Nest.
 11115 | Lair:2   | Reached XP level 12. HP: 56/60 MP: 13/13
 11177 | Lair:2   | Reached skill level 19 in Stealth
 11200 | Lair:2   | Found a transporter.
 11424 | Lair:2   | Noticed Nergalle
 11432 | Lair:2   | Killed Nergalle
 11439 | Lair:2   | Found a transporter.
 11439 | Lair:2   | Found a staircase to the Shoals.
 11450 | Lair:2   | Killed a catoblepas
 11646 | Lair:2   | Reached skill level 20 in Stealth
 11828 | Lair:2   | Noticed a catoblepas
 11882 | Lair:2   | Reached * piety under Ashenzari
 12034 | Lair:2   | Killed a catoblepas
 12116 | Lair:3   | Noticed Amaemon
 12117 | Lair:3   | Noticed Kirke
 12136 | Lair:3   | Reached skill level 1 in Spellcasting
 12229 | Lair:3   | Killed Amaemon
 12647 | Lair:3   | Killed Kirke
 12757 | Lair:3   | Reached skill level 5 in Spellcasting
 13198 | Lair:4   | Reached ** piety under Ashenzari
 13345 | Lair:4   | Reached XP level 13. HP: 70/70 MP: 20/24
 13467 | Lair:4   | Found a staircase to the Slime Pits.
 13714 | Lair:4   | Found a dark tunnel.
 14489 | Lair:5   | Entered Level 5 of the Lair of Beasts
 14489 | Lair:5   | Identified the +3 lajatang of the Stopping Sybil {heavy,
                  | rElec Str+5}
 14541 | Lair:5   | Reached skill level 1 in Evocations
 14906 | Lair:5   | Identified the -1 barding of Quantum Leap {Int+3}
 16099 | Lair:5   | Reached XP level 14. HP: 16/77 MP: 8/28
 16586 | Lair:5   | Reached skill level 10 in Fighting
 16737 | Lair:5   | Identified the +5 trident of Xiceenlo {antimagic, Will+
                  | Str+3 Int+4}
 16788 | Lair:5   | Found a runed translucent door.
 16789 | Lair:5   | Found a shimmering altar of Xom.
 16789 | Lair:5   | Identified the +2 battleaxe "Reesm" {chaos, Drain rElec rN+
                  | Str+4}
 16789 | Lair:5   | Noticed retardedninja's ghost (journeyman MiFi)
 17329 | Lair:5   | Identified Qaashrag's Handbook of Embers and Malediction
 17427 | Lair:5   | Reached skill level 5 in Dodging
 17688 | Lair:3   | Noticed Josephine
 17699 | Lair:3   | Killed Josephine
 18170 | D:9      | Reached *** piety under Ashenzari
 18223 | D:9      | Found Eptiz's Assorted Antiques.
 18226 | D:9      | Found a large runed translucent door.
 18226 | D:9      | Found a large runed translucent door.
 18233 | D:9      | Bought a potion of might for 128 gold pieces
 18721 | D:9      | Noticed pigah's ghost (novice OpWn)
 18971 | D:10     | Entered Level 10 of the Dungeon
 19055 | D:10     | Found a stormy altar of Qazlal.
 19451 | D:10     | Found an ornate altar of the Wu Jian Council.
 19710 | D:10     | Learned a level 2 spell: Blink
 19885 | D:11     | Reached skill level 1 in Translocations
 20266 | D:11     | Found a staircase to the Orcish Mines.
 21339 | D:12     | Identified a scroll of acquirement
 21348 | D:12     | Acquired the +0 pair of boots "Cickaz" {rPois rN+ Dex+2}
 22002 | D:13     | Identified the +2 pair of boots of Kleptomania {Rampage
                  | Regen+ Str+4 Int-5}
 22161 | D:13     | Reached skill level 5 in Translocations
 22161 | D:13     | Found a gate to the Vaults.
 22232 | D:13     | Reached XP level 15. HP: 86/86 MP: 22/31
 23036 | D:14     | HP: 3/87 [white ugly thing (9)]
 23181 | D:14     | Found a shimmering blue altar of Sif Muna.
 23470 | D:14     | Identified the +0 halberd "Byhaorr" {freeze, *Corrode rElec
                  | rN++ SInv}
 24247 | D:14     | Identified the +11 great mace of Zush {protect, *Slow rN++}
 24929 | D:13     | Reached **** piety under Ashenzari
 25662 | D:14     | Identified the +1 morningstar "Ypizabbu" {heavy, rC+ Int+2}
 25662 | D:14     | Found the +8 trishula "Condemnation" {holy, anguish, *Noise
                  | Fly rN+}
 25662 | D:14     | Identified the +5 scimitar "Icuxt" {heavy, rN+}
 25987 | D:15     | Entered Level 15 of the Dungeon
 26170 | D:15     | Killed from afar by a deep elf pyromancer

Illustrated notes

Levels and vault maps discovered:
D:1:      lightli_arrival_boilingwater, layout_loops_corners, minivault_25
D:2:      layout_loops_ring, grunt_ministairs_14, serial_bayou_pond_d,
          st_stairs_13, minmay_misc_feat_columns, serial_park_tiny_2,
          minmay_misc_feat_chi
D:3:      layout_basic, mainiacjoe_overflow_alcove_4, gammafunk_ghost_smash
D:4:      layout_rooms, pdpol_temple_overflow_zin_treasury_gozag_greed,
          serial_demonic, serial_demonic_c, serial_demonic_d, serial_demonic_d,
          serial_demonic_d, serial_demonic_e, serial_demonic_f, serial_shops,
          nicolae_diamond_shop, nicolae_underground_beach, uniq_grinder,
          uniq_duvessa, uniq_robin
D:5:      layout_basic, nicolae_overflow_crystal_walls,
          gammafunk_ghost_abyssal_escape, nicolae_shop_dragon_depot
D:6:      lemuel_insect_pit, layout_basic, minmay_temple_entry_ruins
D:7:      layout_loops_ring, nicolae_yredelemnul_corpse_copse
D:8:      layout_gridville, mainiacjoe_overflow_surrounded_room,
          mainiacjoe_overflow_alcove_1, mainiacjoe_overflow_six_doors_small,
          erik_lair_orcish_takeover, special_room [special_room_orc],
          nicolae_shop_fire_sale [nicolae_sub_dead_trees], minmay_fountain_box,
          uniq_prince_ribbit1
D:9:      layout_basic, ebering_ghost_disaster_area, serial_shops,
          nicolae_shop_hallway_plus
D:10:     layout_basic, general_overflow_altar, nicolae_qazlal_style_of_elements
D:11:     layout_basic, erik_orc_4, hangedman_abyss_or_decor_lesser_grid,
          minmay_liquid_box
D:12:     layout_stronghold
D:13:     layout_rooms, hangedman_vaults_entry_quadrant_bands, serial_glass,
          glass_columns_b, glass_columns_a
D:14:     giant_chief_lemuel, layout_gridville, serial_park_central
          [serial_park_minivault_5x5_3, serial_park_minivault_5x5_4]
D:15:     gammafunk_enter_depths_forms, layout_loops_ring, nrook_uturn,
          cheibrodos_ashenzari_chains
Temple:   nicolae_temple_ecumenical_triangle
Lair:1:   layout_chaotic_city, portal_ice_cave_demonic_guard, grunt_megastairs_2
Lair:2:   gammafunk_worm_tunnel, layout_hall_layers, elwin_shoals_entry_rocks,
          spider_nest_entry_a, uniq_nergalle
Lair:3:   layout_regular_city, lemuel_fruit_tree, serial_bayou_shore_b,
          uniq_kirke, uniq_josephine, uniq_amaemon
Lair:4:   layout_gridlike, nicolae_slime_entry_field_trip,
          nicolae_volcano_entry_hallway, eino_house_with_fridge
Lair:5:   gammafunk_lair_ancient_temple, layout_gridlike, ebering_ghost_xom,
          ice2_lemuel

Skill      XL: |  1  2  3  4  5  6  7  8  9 10 11 12 13 14 15 |
---------------+----------------------------------------------+-----
Dodging        | 1 3 5 |  5.5
Stealth        | 5 6 7 8 9 12 15 18 20 | 20.2
Throwing       | 2 |  2.0
Fighting       | 2 3 4 5 7 9 11 14 | 14.0
Short Blades   | 2 3 4 6 8 10 | 10.0
Spellcasting   | 5 8 9 |  9.3
Evocations     | 3 |  3.9
Translocations | 5 7 |  7.7

Action                     |  1- 3 |  4- 6 |  7- 9 | 10-12 | 13-15 || total
---------------------------+-------+-------+-------+-------+-------++-------
  Melee: Dagger            |   102 |    93 |   301 |   494 |   608 ||  1598
         Punch             |     2 |       |     6 |     7 |    26 ||    41
         Bite              |    22 |    22 |   118 |   193 |   544 ||   899
         Short sword       |       |       |       |       |   589 ||   589
  Throw: Dart              |       |    28 |    16 |     7 |    57 ||   108
   Cast: Blink             |       |       |       |       |     2 ||     2
 Invoke: Curse Item        |       |       |       |     3 |     4 ||     7
         Shatter the Chain |       |       |       |       |     1 ||     1
  Evoke: Wand              |       |       |       |     4 |    20 ||    24
    Use: Scroll            |       |    12 |     6 |     5 |    13 ||    36
         Potion            |       |       |       |     3 |     4 ||     7
   Stab: Sleeping          |    10 |     3 |    11 |    19 |    42 ||    85
         Distracted        |       |       |     1 |     2 |    11 ||    14
         Invisible         |       |       |       |       |     5 ||     5
 Armour: Robe              |    19 |       |       |       |       ||    19
         Ring mail         |     1 |    34 |   109 |   105 |   291 ||   540
  Dodge: Dodged            |    48 |    33 |   142 |   159 |   593 ||   975

Table legend: (Time is in decaauts)
 A = Elapsed time spent in this place.
 B = Non-inter-level travel time spent in this place.
 C = Inter-level travel time spent in this place.
 D = Time resting spent in this place.
 E = Time spent auto-exploring this place.
 F = Levels seen in this place.
 G = Mean time per level.
                   A        B        C        D        E       F      G
               +--------+--------+--------+--------+--------+-----+--------+
         Total |  25686 |  24718 |    968 |   7969 |  10072 |  21 | 1223.1 |
       Dungeon |  17161 |  16446 |    715 |   4698 |   7511 |  15 | 1144.1 |
        Temple |     91 |     91 |      0 |      0 |     11 |   1 |   91.0 |
          Lair |   8433 |   8180 |    253 |   3270 |   2550 |   5 | 1686.6 |
               +--------+--------+--------+--------+--------+-----+--------+

Top non-repeatable levels by time:
    D:14: 2476 daAuts
  Lair:4: 2284 daAuts
  Lair:5: 2084 daAuts
    D:13: 1760 daAuts
     D:3: 1599 daAuts
     D:8: 1447 daAuts
  Lair:1: 1443 daAuts
  Lair:2: 1359 daAuts
     D:4: 1309 daAuts
  Lair:3: 1262 daAuts
     D:5: 1060 daAuts
    D:12: 1020 daAuts
     D:1: 993 daAuts
     D:9: 972 daAuts
     D:6: 960 daAuts
